 Dungeon Crawl Stone Soup version 0.19-a0-526-gbe2e51c (webtiles) character file.

225 Duffy the Poker (level 6, -14/51 HPs)
             Began as a Merfolk Gladiator on June 7, 2016.
             Demolished by an ogre
             ... wielding a +0 giant club
              (25 damage)
             ... on level 4 of the Dungeon.
             The game lasted 00:02:05 (1238 turns).

Duffy the Poker (Merfolk Gladiator)                 Turns: 1238, Time: 00:02:06

Health: -14/51     AC:  7    Str: 16    XL:     6   Next: 1%
Magic:  6/6        EV: 13    Int:  7    God:
Gold:   92         SH:  0    Dex: 16    Spells: 0 memorised, 5 levels left

rFire  . . .     SeeInvis .     a - +0 trident
rCold  . . .     Gourm    .     e - +0 ring mail
rNeg   . . .     Faith    .     (no shield)
rPois  .         Spirit   .     c - +0 helmet
rElec  .         Dismiss  .     (no cloak)
rCorr  .         Reflect  .     i - +0 pair of gloves
SustAt .         Harm     +     (no boots)
MR     .....                    g - amulet of harm
Stlth  +.........               (no ring)
                                (no ring)

@: not resistant to hostile enchantments, very unstealthy
A: change form in water, swift swim
a: no special abilities


You were on level 4 of the Dungeon.
You were not hungry.

You visited 1 branch of the dungeon, and saw 4 of its levels.

You collected 92 gold pieces.


   Skills:
 + Level 5.0 Fighting
 + Level 7.2 Polearms
 - Level 2.0 Throwing
 - Level 4.0 Dodging


You had 5 spell levels left.
You didn't know any spells.

Inventory:

Hand Weapons
 a - a +0 trident (weapon)
Missiles
 d - 3 throwing nets (quivered)
Armour
 b - a +0 leather armour
 c - a +0 helmet (worn)
 e - a +0 ring mail (worn)
 i - a +0 pair of gloves (worn)
Jewellery
 g - an amulet of harm (around neck)
Scrolls
 j - 2 scrolls of enchant armour {unknown}
Potions
 h - a potion of haste {unknown}
 k - a potion of brilliance {unknown}
 l - a potion of flight {unknown}
Comestibles
 f - 2 bread rations

Dungeon Overview and Level Annotations

Branches:
Dungeon (4/15)
 Temple: D:4-7

Altars:


Message History

The worker ant poisons you!
You hit the worker ant.
You kill the worker ant!
Your Fighting skill increases to level 5!
You have reached level 6!
Your experience leads to an increase in your attributes!
Increase (S)trength, (I)ntelligence, or (D)exterity?
You feel agile.
You feel sick.
You feel sick.
You start resting.
You feel sick. x3
You feel sick.
You start resting.
You feel sick. x3
You hear the rusting of a drain.
You feel sick.
You are no longer poisoned.
You start resting.
You hear the brisk rusting of a drain nearby.
Found a stone staircase leading down.
You start resting.
An ogre comes into view. It is wielding a giant club.
The ogre misses you.
You hit the ogre.
The ogre is moderately wounded.
The ogre closely misses you.
Your ring mail prevents you from hitting the ogre.
The ogre is moderately wounded.
You puncture the ogre!
The ogre is severely wounded.
The ogre hits you with a giant club.
You barely miss the ogre.
The ogre is severely wounded.
The ogre misses you.
You barely miss the ogre.
The ogre is severely wounded.
You hit the ogre.
The ogre is severely wounded.
The ogre hits you with a giant club!!
Ouch! That really hurt!
You are too injured to fight recklessly!
You are too injured to fight recklessly!
You are too injured to fight recklessly!
You hit the ogre.
The ogre is almost dead.
The ogre completely misses you.
You barely miss the ogre.
The ogre is almost dead.
The ogre hits you with a giant club!!
You die...

### ## .. .. .. .. # .####.
####. >.##.# #... #O##..##.##
#@# #.#...## #.# #.<....##
#.###.......#
#######...........#
#####.......###.......#
####.....#####.###......## #
#........##............##
#..####.$##.##.#.#####.# ####
#....##..##.##.#.#####.#####...


You could see an ogre.

Action                   |  1- 3 |  4- 6 || total
-------------------------+-------+-------++-------
Melee: Trident           |    41 |    88 ||   129
  Eat: Chunk             |       |     1 ||     1
Armor: Leather armour    |     2 |       ||     2
       Ring mail         |     7 |    19 ||    26
Dodge: Dodged            |    21 |    44 ||    65

Notes
Turn   | Place    | Note
--------------------------------------------------------------
     0 | D:1      | Duffy the Merfolk Gladiator began the quest for the Orb.
     0 | D:1      | Reached XP level 1. HP: 16/16 MP: 1/1
   181 | D:2      | Noticed Natasha
   185 | D:2      | Killed Natasha
   185 | D:2      | Reached skill level 3 in Fighting
   185 | D:2      | Reached skill level 5 in Polearms
   185 | D:2      | Reached XP level 2. HP: 13/24 MP: 2/2
   185 | D:2      | Reached XP level 3. HP: 15/29 MP: 3/3
   335 | D:2      | Noticed Natasha
   339 | D:2      | Noticed Terence
   348 | D:2      | Killed Natasha
   362 | D:2      | Killed Terence
   362 | D:2      | Reached skill level 6 in Polearms
   362 | D:2      | Reached XP level 4. HP: 23/37 MP: 4/4
   580 | D:2      | Reached skill level 4 in Fighting
   907 | D:3      | Reached XP level 5. HP: 43/43 MP: 5/5
  1116 | D:4      | Reached skill level 7 in Polearms
  1140 | D:4      | Reached skill level 5 in Fighting
  1140 | D:4      | Reached XP level 6. HP: 39/51 MP: 6/6
  1238 | D:4      | Demolished by an ogre

Skill      XL: |  1  2  3  4  5 |
---------------+----------------+-----
Fighting       | 3 4 5 |  5.0
Polearms       | 5 6 7 |  7.2
Throwing       | |  2.0
Dodging        | |  4.0

Vault maps used:
D:1:      lemuel_arrival_tunnels, serial_park_tiny_2
D:2:      amethyst_overflow_temple_binary, uniq_terence, uniq_natasha
D:3:      grunt_temple_overflow_opulence, nicolae_overflow_crystal_walls,
          lemuel_round_altar, minmay_misc_feat_plants
D:4:      overflow_temple_1_default, first_bread, portal_sewer_entry_d

Vanquished Creatures
  A howler monkey
  An orc priest Terence Natasha (twice)
  A worker ant
  2 adders
  A dart slug
  2 giant geckos
  7 orcs
  A ball python
  2 goblins
  2 hobgoblins
  4 jackals
  A giant newt
  3 kobolds
  2 rats
33 creatures vanquished.
